 Dungeon Crawl Stone Soup version 0.26-a0-668-gd58323b419 (webtiles) character file.

Game seed: 11425622160638064605

71 somkeydreadnuts the Digger (level 4, 0/24 HPs)
             Began as a Gargoyle Earth Elementalist on Oct 19, 2020.
             Killed from afar by Sigmund (5 damage)
             ... with a magic dart
             ... on level 2 of the Dungeon.
             The game lasted 00:06:30 (1348 turns).

somkeydreadnuts the Digger (GrEE)                   Turns: 1348, Time: 00:06:30

Health: 0/24       AC:  5    Str: 11    XL:     4   Next: 24%
Magic:  3/8        EV: 11    Int: 17    God:
Gold:   64         SH:  3    Dex: 10    Spells: 7/8 levels left

rFire    . . .     SeeInvis .   (no weapon)
rCold    . . .     Faith    .   a - +0 buckler
rNeg     + . .     Spirit   .   c - +0 robe
rPois    ∞         Reflect  .   (no helmet)
rElec    +         Harm     .   (no cloak)
rCorr    .         Rampage  .   (no gloves)
MR       .....                  (no boots)
Stlth    ++........             (no amulet)
HPRegen  0.08/turn              g - ring of flight
MPRegen  0.11/turn              (no ring)

@: very slightly contaminated
A: negative energy resistance 1, electricity resistance, unbreathing,
petrification resistance, rot immunity, AC +3
a: Evoke Flight


You were on level 2 of the Dungeon.
You visited 1 branch of the dungeon, and saw 2 of its levels.

You collected 64 gold pieces.

Inventory:

Missiles
 b - 26 stones (quivered)
Armour
 a - a +0 buckler (worn)
 c - a +0 robe (worn)
Jewellery
 g - a ring of flight (left hand)
Scrolls
 f - a scroll of remove curse {unknown}
 h - 2 scrolls of blinking {unknown}
 j - a scroll of identify {unknown}
Potions
 d - a potion of mutation {unknown}
 e - 3 potions of berserk rage {unknown}
 i - a potion of resistance {unknown}


   Skills:
 - Level 0.1 Fighting
 - Level 1.6 Dodging
 - Level 2.4 Stealth
 + Level 0.9 Shields
 - Level 2.8 Spellcasting
   Level 0.7 Transmutations
 - Level 5.0 Earth Magic


You had 7 spell levels left.
You knew the following spells:

 Your Spells              Type           Power        Failure   Level
a - Sandblast             Erth           ###...       3%          1

Your spell library contained the following spells:

 Spells                   Type           Power        Failure   Level
 Passwall                 Tmut/Erth      ##......     12%         2
 Stone Arrow              Conj/Erth      ##....       28%         3
 Petrify                  Tmut/Erth      ##......     63%         4
 Lee's Rapid Deconstruct  Erth           ###.......   67%         5


Dungeon Overview and Level Annotations

Branches:
Dungeon (2/15)

Altars:

Annotations:
D:2 Sigmund


Innate Abilities, Weirdness & Mutations

You are resistant to torment.
Your stone body is resilient. (AC +3)
You are immune to poison.
You resist negative energy. (rN+)
You are resistant to electric shocks. (rElec)
You can survive without breathing.
You are immune to petrification.
You are immune to rotting.


Message History

b - 27 stones Unknown command.
Casting: Sandblast (safe; 3% risk of failure)
Confirm with . or Enter, or press ? or * to list all spells.
Press: ? - help, Shift-Dir - straight line, p - goblin You miscast Sandblast.
You are very lightly contaminated with residual magic.
Nothing appears to happen.
Something hits you.
* * * LOW HITPOINT WARNING * * *
Unknown command.
Casting: Sandblast (safe; 3% risk of failure)
Confirm with . or Enter, or press ? or * to list all spells.
Press: ? - help, Shift-Dir - straight line The blast of sand hits the goblin.
You kill the goblin!
b - 26 stones Unknown command.
A magic dart appears from out of thin air!
The magic dart hits you.
You die...

#.# #.# .
#.#########.#
....#####.##........#
......†..g..)#####..#
....########.#
#.†###### . #{#
#.......# #.#
#..####.# #.#####..#
#.# ## #.@......#
#.####. ########†#
#...... #.# ######.
#.# ## #.# #.# ..#
### ### ###


There were no monsters in sight!

Vanquished Creatures
  2 adders (D:2)
  A worm (D:2)
  A dart slug (D:2)
  3 giant cockroaches
  8 goblins
  5 hobgoblins (D:1)
  8 jackals
  A ball python (D:1)
  10 bats
  A frilled lizard (D:1)
  3 kobolds
  A rat (D:1)
44 creatures vanquished.

Notes
Turn   | Place    | Note
-------+----------+-------------------------------------------
     0 | D:1      | somkeydreadnuts the Gargoyle Earth Elementalist began the
                  | quest for the Orb.
     0 | D:1      | Reached XP level 1. HP: 10/10 MP: 3/3
   109 | D:1      | Reached skill level 4 in Earth Magic
   125 | D:1      | Reached XP level 2. HP: 10/15 MP: 0/5
   696 | D:1      | Reached XP level 3. HP: 19/19 MP: 4/6
  1260 | D:2      | Reached XP level 4. HP: 24/24 MP: 4/8
  1263 | D:2      | Reached skill level 5 in Earth Magic
  1320 | D:2      | Noticed Sigmund
  1348 | D:2      | Killed from afar by Sigmund

Illustrated notes

Levels and vault maps discovered:
D:1:      ebering_trefoil_3fold, layout_basic
D:2:      layout_loops_ring, tso_altar, columned_hall_lemuel, st_stairs_7,
          uniq_robin, uniq_sigmund

Skill      XL: |  1  2  3  4 |
---------------+-------------+-----
Earth Magic    | 4 5 |  5.0
Fighting       | |  0.1
Dodging        | |  1.6
Stealth        | |  2.4
Shields        | |  0.9
Spellcasting   | |  2.8
Transmutations | |  0.7

Action                   |  1- 3 |  4- 6 || total
-------------------------+-------+-------++-------
Melee: Unarmed           |    35 |    15 ||    50
 Cast: Sandblast         |    46 |    10 ||    56
Armor: Robe              |    23 |     8 ||    31
Dodge: Dodged            |    47 |    11 ||    58
Block: Buckler           |     8 |     2 ||    10

Table legend: (Time is in decaauts)
 A = Elapsed time spent in this place.
 B = Non-inter-level travel time spent in this place.
 C = Inter-level travel time spent in this place.
 D = Time resting spent in this place.
 E = Time spent auto-exploring this place.
 F = Levels seen in this place.
 G = Mean time per level.
                   A        B        C        D        E       F      G
               +--------+--------+--------+--------+--------+-----+--------+
         Total |   1348 |   1348 |      0 |      0 |    967 |   2 |  674.0 |
       Dungeon |   1348 |   1348 |      0 |      0 |    967 |   2 |  674.0 |
               +--------+--------+--------+--------+--------+-----+--------+

Top non-repeatable levels by time:
     D:1: 1027 daAuts
     D:2: 321 daAuts
